 Dungeon Crawl Stone Soup version 0.30-a0-883-g5ad918d77d (webtiles) character file.

Game seed: 3865608848453600590

503 Newt the Cudgeller (level 6, -2/48 HPs)
             Began as a Demonspawn Gladiator on Mar 16, 2023.
             Was an Initiate of Hepliaklqana.
             Slain by an orc
             ... wielding a +0 whip
              (6 damage)
             ... on level 4 of the Dungeon.
             The game lasted 00:03:49 (3974 turns).

Newt the Cudgeller (Demonspawn Gladiator)           Turns: 3974, Time: 00:03:50

Health: -2/48      AC:  4    Str: 16    XL:     6   Next: 96%
Magic:  6/6        EV: 12    Int:  9    God:    Hepliaklqana [......]
Gold:   164        SH:  0    Dex: 15    Spells: 5/5 levels left

rFire   . . .      SeeInvis .    h - +1 whip (venom)
rCold   . . .      Faith    .    (no shield)
rNeg    . . .      Spirit   .    b - +0 leather armour
rPois   .          Reflect  .    c - +0 helmet
rElec   .          Rampage  .    (no cloak)
rCorr   .                        (no gloves)
Will    +....                    (no boots)
Stlth   +                        (no amulet)
HPRegen 0.28/turn                i - ring of willpower
MPRegen 0.10/turn                (no ring)

@: mighty
A: foul stench 1, powered by pain 1, weakness stinger 1
a: Renounce Religion


You were on level 4 of the Dungeon.
You worshipped Hepliaklqana.
Hepliaklqana was noncommittal.
You visited 1 branch of the dungeon, and saw 4 of its levels.

You collected 164 gold pieces.

Inventory:

Hand Weapons
 a - a +0 rapier
 h - a +1 whip of venom (weapon)
Missiles
 e - a javelin (quivered)
 g - 2 atropa-tipped darts
 p - 3 poisoned darts
Armour
 b - a +0 leather armour (worn)
 c - a +0 helmet (worn)
Jewellery
 i - a ring of willpower (left hand)
 j - an amulet of faith
Wands
 d - a wand of iceblast (8)
Scrolls
 m - a scroll of torment
 n - a scroll of enchant armour
Potions
 f - a potion of degeneration
 l - a potion of flight
 q - a potion of cancellation {unknown}


   Skills:
 - Level 4.0 Fighting
 - Level 3.9 Short Blades
 + Level 4.9 Maces & Flails
 - Level 1.7 Throwing
 - Level 2.6 Dodging


You had 5 spell levels left.
You didn't know any spells.
Your spell library contained the following spells:

 Spells                   Type           Power      Damage    Failure   Level
 Magic Dart               Conj           0%         1d3       45%         1
 Summon Small Mammal      Summ           0%         N/A       45%         1
 Ensorcelled Hibernation  Hex/Ice        0%         N/A       58%         2
 Passwall                 Tmut/Erth      0%         N/A       58%         2
 Searing Ray              Conj           0%         2d4       58%         2
 Call Canine Familiar     Summ           0%         N/A       83%         3
 Summon Guardian Golem    Hex/Summ       0%         N/A       83%         3
 Swiftness                Air            0%         N/A       83%         3
 Fulminant Prism          Conj/Hex       0%         3d5       99%         4


Dungeon Overview and Level Annotations

Branches:
Dungeon (4/15)
 Temple: D:4-7

Altars:
Hepliaklqana


Innate Abilities, Weirdness & Mutations

You may rarely emit foul miasma when damaged in melee.
You sometimes gain a little power by taking damage.
You have a small tail.


Message History

The scorpion is severely wounded.
You feel sick. The orc hits you with a +0 whip! The scorpion barely misses you.
You barely miss the scorpion.
The scorpion is almost dead.
You feel sick.
You kill the scorpion!
The orc barely misses you.
You are too injured to fight recklessly!
You are too injured to fight recklessly!
You are too injured to fight recklessly!
Unknown command.
You barely miss the orc.
You tail-slap the orc, but do no damage.
You feel sick. The orc barely misses you.
Unknown command.
You hit the orc but do no damage.
The orc is poisoned.
You tail-slap the orc, but do no damage.
You feel sick. The iguana bites you! The orc hits you with a +0 whip!
* * * LOW HITPOINT WARNING * * *
You focus on the pain.
You feel very mighty all of a sudden.
Unknown command.
You feel better. The orc barely misses you. The iguana bites you!
* * * LOW HITPOINT WARNING * * *
You feel better. The orc barely misses you. The iguana bites you!
* * * LOW HITPOINT WARNING * * *
Unknown command.
Okay, then.
Okay, then.
Throw: throwing net
Press: ? - help, Shift-Dir - straight line, f - iguana
Aim: an iguana (64% to hit)
You throw a throwing net. The throwing net hits the iguana.
The iguana is caught in the net!
The iguana struggles against the net.
The orc misses you.
Unknown command.
You barely miss the orc.
The orc is moderately wounded.
The orc hits you with a +0 whip.
You die...

..####..#. #......... .
##....#... .. ...#...##
... ....... #...###....
......#o.# #.#..l@.##
#....)...###### #.
.......#.......# #.
.......#..####.# .
.......##..# #.## ###
....... ##..##..#...#
.......####.###...#+#
...............####.##
.......###..##.###...##


You could see an iguana (caught) and an orc (strong, very poisoned).

Vanquished Creatures
  Menkaure (D:4)
  A kobold brigand (D:3)
  2 scorpions
  An orc priest (D:3)
  Terence (D:3)
  Ijyb (D:4)
  3 gnolls (D:3)
  An ufetubus (D:4)
  A worm (D:3)
  3 orcs
  8 ball pythons
  2 bats
  6 endoplasms
  5 giant cockroaches
  4 goblins
  12 hobgoblins
  4 jackals (D:4)
  13 kobolds
  2 quokkas (D:1)
  3 frilled lizards
  8 rats
82 creatures vanquished.

Notes
Turn   | Place    | Note
-------+----------+-------------------------------------------
     0 | D:1      | Newt the Demonspawn Gladiator began the quest for the Orb.
     0 | D:1      | Reached XP level 1. HP: 16/16 MP: 1/1
   318 | D:1      | Gained mutation: You have a small tail. [demonic ancestry]
   318 | D:1      | Reached XP level 2. HP: 21/23 MP: 2/2
  1571 | D:2      | Reached XP level 3. HP: 24/29 MP: 3/3
  2090 | D:3      | Noticed a kobold brigand
  2124 | D:3      | Killed a kobold brigand
  2125 | D:3      | Gained mutation: You may rarely emit foul miasma when
                  | damaged in melee. [demonic ancestry]
  2125 | D:3      | Reached XP level 4. HP: 23/37 MP: 4/4
  2241 | D:3      | Found a hazy altar of Hepliaklqana.
  2275 | D:3      | Became a worshipper of Hepliaklqana the Forgotten
  2302 | D:3      | Reached skill level 1 in Maces & Flails
  2302 | D:3      | Gained mutation: You sometimes gain a little power by
                  | taking damage. [demonic ancestry]
  2302 | D:3      | Reached XP level 5. HP: 7/42 MP: 5/5
  2421 | D:3      | Noticed Terence
  2426 | D:3      | Killed Terence
  3195 | D:4      | Noticed Ijyb
  3205 | D:3      | Reached XP level 6. HP: 22/48 MP: 6/6
  3445 | D:4      | Killed Ijyb
  3810 | D:4      | Noticed Menkaure
  3817 | D:4      | Killed Menkaure
  3974 | D:4      | Slain by an orc

Illustrated notes

Levels and vault maps discovered:
D:1:      co_arrival_hexagon_in_a_hexagon, layout_basic,
          minmay_stone_trees_small
D:2:      layout_basic, corexii_shack, corner_web_ring
D:3:      cheibrodos_thug_alley, layout_rooms, lemuel_crystal_altar,
          uniq_terence
D:4:      layout_rooms, nicolae_tso_swordbearing_angel,
          nicolae_overflow_hidden_temple, grunt_ministairs_15,
          minmay_tree_intersection, uniq_menkaure, uniq_ijyb

Skill      XL: |  1  2  3  4  5  6 |
---------------+-------------------+-----
Fighting       | 3 4 |  4.0
Short Blades   | 3 |  3.9
Maces & Flails | 1 3 4 |  4.9
Throwing       | |  1.7
Dodging        | |  2.6

Action                     |  1- 3 |  4- 6 || total
---------------------------+-------+-------++-------
  Melee: Rapier            |   178 |    10 ||   188
         Tailslap          |    15 |    20 ||    35
         Punch             |     2 |     2 ||     4
         Whip              |       |    99 ||    99
  Throw: Dart              |     3 |       ||     3
         Throwing net      |     2 |     4 ||     6
  Evoke: Wand              |       |     1 ||     1
    Use: Scroll            |     6 |     2 ||     8
         Potion            |     1 |     2 ||     3
   Stab: Sleeping          |     1 |       ||     1
 Armour: Leather armour    |    48 |    17 ||    65
  Dodge: Dodged            |   111 |    46 ||   157

Table legend: (Time is in decaauts)
 A = Elapsed time spent in this place.
 B = Non-inter-level travel time spent in this place.
 C = Inter-level travel time spent in this place.
 D = Time resting spent in this place.
 E = Time spent auto-exploring this place.
 F = Levels seen in this place.
 G = Mean time per level.
                   A        B        C        D        E       F      G
               +--------+--------+--------+--------+--------+-----+--------+
         Total |   3982 |   3817 |    165 |   1393 |   1850 |   4 |  995.5 |
       Dungeon |   3982 |   3817 |    165 |   1393 |   1850 |   4 |  995.5 |
               +--------+--------+--------+--------+--------+-----+--------+

Top non-repeatable levels by time:
     D:3: 1494 daAuts
     D:2: 1005 daAuts
     D:1: 932 daAuts
     D:4: 548 daAuts
